 Dungeon Crawl Stone Soup version 0.28.0-47-ge53b351184 (webtiles) character file.

Game seed: 16219941198064415936

54954 DildoBatman the Peltast (level 15, -9/54 (88) HPs)
             Began as a Formicid Conjurer on May 4, 2022.
             Was an Initiate of Gozag.
             Killed from afar by a starcursed mass (14 damage)
             ... with an accursed screaming
             ... on level 2 of the Abyss.
             The game lasted 01:33:25 (20001 turns).

DildoBatman the Peltast (Formicid Conjurer)        Turns: 20001, Time: 01:33:26

HP:   -9/54 (88)    AC: 11    Str: 18 (20) XL:     15   Next: 16%
MP:   32/34         EV: 12    Int: 22 (23) God:    Gozag
Gold: 1464          SH: 23    Dex: 13 (15) Spells: 11/28 levels left

rFire   . . .      SeeInvis +   a - +2 trident (protect)
rCold   . . .      Faith    .   O - +0 tower shield
rNeg    . . .      Spirit   .   o - +1 troll leather armour
rPois   .          Reflect  +   (helmet unavailable)
rElec   .          Harm     .   m - +2 cloak
rCorr   .          Rampage  .   (no gloves)
Will    .....                   s - +0 pair of boots
Stlth   ++........              r - amulet "Ruysamo" {Reflect Will- Regen+ Str+8 Int+4 SH+5}
HPRegen 1.78/turn               G - ring of wizardry
MPRegen 0.24/turn               y - ring of magical power

@: very heavily drained
A: permanent stasis, dig shafts and tunnels, antennae 3, four strong arms,
passive freeze, [deterioration 2], [frail 2], [screaming 2]
a: Dig, Shaft Self, Renounce Religion, Potion Petition, Call Merchant, Bribe
Branch


You were on level 2 of the Abyss.
You worshipped Gozag.
Gozag was most pleased with you.
You visited 3 branches of the dungeon, and saw 18 of its levels.
You visited the Abyss 1 time.
You also visited: Bailey.

You collected 3181 gold pieces.
You spent 1028 gold pieces at shops.
You paid 689 gold pieces to Gozag.

Inventory:

Hand Weapons
 a - a +2 trident of protection (weapon)
 b - the +5 war axe "Napsi" {vorpal, Str+3}
   (You found it on level 10 of the Dungeon)

   It inflicts extra damage upon your enemies.
   Str:       It affects your strength (+3).
 c - a +0 shortbow
 d - a +1 long sword of flaming
Missiles
 f - 21 boomerangs
 i - 22 poisoned darts
 q - 5 atropa-tipped darts
 w - 260 stones
 x - 277 arrows
 B - 112 bolts
 D - a curare-tipped dart
 I - 79 sling bullets
 Y - 2 throwing nets
Armour
 m - a +2 cloak (worn)
 o - a +1 troll leather armour (worn)
 s - a +0 pair of boots (worn)
 v - a +1 ring mail of poison resistance
 A - a +2 leather armour of willpower
 N - a +2 robe of resistance
 O - a +0 tower shield (worn)
Magical Staves
 J - a staff of death
Jewellery
 h - a +6 ring of strength
 r - the amulet "Ruysamo" (around neck) {Reflect Will- Regen+ Str+8 Int+4 SH+5}
   (You acquired it on level 8 of the Dungeon)

   [amulet of reflection]

   It reflects blocked missile attacks.
   Str:       It affects your strength (+8).
   Int:       It affects your intelligence (+4).
   Regen:     It increases your rate of health regeneration.
   SH:        It affects your SH (+5).
   Will:      It decreases your willpower.
 y - a ring of magical power (right hand)
 G - a ring of wizardry (left hand)
Wands
 t - a wand of flame (16)
 u - a wand of iceblast (14)
 K - a wand of acid (6)
 W - a wand of paralysis (7)
Scrolls
 g - 3 scrolls of brand weapon
 j - a scroll of silence
 n - 6 scrolls of fog
 p - 3 scrolls of fear
 z - 2 scrolls of identify
 C - 3 scrolls of magic mapping
 E - 2 scrolls of enchant weapon
 P - a scroll of immolation
Potions
 k - 7 potions of curing
 l - 5 potions of flight
 F - a potion of haste
 H - a potion of lignification
 Q - 4 potions of brilliance
 S - 3 potions of magic
 T - 3 potions of mutation
 V - a potion of berserk rage
Miscellaneous
 L - a piece from Xom's chessboard (15/15)


   Skills:
 - Level 7.7 Fighting
 - Level 7.7 Armour
 - Level 5.1 Dodging
 * Level 2.4 Stealth
 - Level 15.0 Shields
 - Level 7.0 Spellcasting
 - Level 6.0 Conjurations
 - Level 12.0 Necromancy
 - Level 8.0 Ice Magic
 - Level 12.0 Earth Magic


You had 11 spell levels left.
You knew the following spells:

 Your Spells              Type           Power      Damage    Failure   Level
a - Searing Ray           Conj           68%        2d6       1%          2
b - Borgnjor's Vile Clut  Necr/Erth      28%        N/A       1%          5
c - Magic Dart            Conj           100%       1d8       1%          1
d - Vampiric Draining     Necr           57%        2d10      1%          3
e - Frozen Ramparts       Ice            84%        1d10      1%          3
g - Ozocubu's Armour      Ice            42%        N/A       1%          3

Your spell library contained the following spells:

 Spells                   Type           Power      Damage    Failure   Level
 Animate Skeleton         Necr           100%       N/A       1%          1
 Freeze                   Ice            100%       1d11      1%          1
 Pain                     Necr           100%       1d9       1%          1
 Animate Dead             Necr           28%        N/A       1%          4
 Agony                    Necr           57%        N/A       1%          5
 Excruciating Wounds      Necr           28%        N/A       1%          5
 Hailstorm                Conj/Ice       38%        3d9       6%          4
 Dazzling Flash           Conj/Hex       40%        N/A       9%          3
 Anguish                  Hex/Necr       17%        N/A       9%          4
 Leda's Liquefaction      Hex/Erth       17%        N/A       9%          4
 Apportation              Tloc           14%        N/A       11%         1
 Summon Small Mammal      Summ           28%        N/A       11%         1
 Death Channel            Necr           28%        N/A       12%         6
 Poisonous Vapours        Pois/Air       14%        N/A       16%         2
 Ice Form                 Ice/Tmut       25%        N/A       19%         4
 Summon Ice Beast         Ice/Summ       25%        N/A       19%         4
 Simulacrum               Ice/Necr       25%        N/A       26%         6
 Call Canine Familiar     Summ           7%         N/A       28%         3
 Ignite Poison            Fire/Tmut/Pois 7%         N/A       28%         3
 Portal Projectile        Hex/Tloc       14%        N/A       28%         3
 Fulminant Prism          Conj/Hex       10%        3d9       28%         4
 Iskenderun's Mystic Bla  Conj/Tloc      20%        2d6       28%         4
 Olgreb's Toxic Radiance  Pois           7%         N/A       65%         4
 Alistair's Intoxication  Tmut/Pois      4%         N/A       93%         5
 Ozocubu's Refrigeration  Ice            21%        4d9       95%         7
 Haunt                    Necr/Summ      17%        N/A       99%         7
 Borgnjor's Revivificati  Necr           28%        N/A       99%         8
 Infestation              Necr           28%        N/A       99%         8
 Ignition                 Fire           3%         3d4       100%        8
 Necromutation            Tmut/Necr      17%        N/A       100%        8
 Death's Door             Necr           28%        N/A       100%        9


Dungeon Overview and Level Annotations

Branches:
Dungeon (15/15)            Temple (1/1) D:6            Lair (0/6) D:9
    Orc (2/2) D:11            Elf (0/3) Orc:2        Vaults (0/5) D:14
 Bailey (visited)
 Depths: D:15

Altars:
Ashenzari
Cheibriados
Dithmenos
Elyvilon
Fedhas
Gozag
Hepliaklqana
Kikubaaqudgha
Makhleb
Nemelex Xobeh
Okawaru
Qazlal
Ru
Sif Muna
Trog
Uskayaw
Vehumet
Wu Jian
Xom
Yredelemnul
Zin
The Shining One

Shops:
D:11 [   Orc:1 [   Orc:2 **!*

Portals:
Trove: D:10 (give 2 scrolls of acquirement)

Annotations:
D:5 exclusion: angel
D:14 1 exclusion, Jorgrun


Innate Abilities, Weirdness & Mutations

You cannot be hasted, slowed, berserked, paralysed or teleported.
You can dig through walls and to a lower floor.
You have a pair of large antennae on your head. (SInv)
Your four strong arms can wield two-handed weapons with a shield.
A frigid envelope surrounds you and freezes all who hurt you.
[Your body often deteriorates upon taking damage.]
[You are very frail. (-20% HP)]
[You frequently scream uncontrollably at your foes.]


Message History

The will-o-the-wisp conjures some foxfire!
A starcursed mass splits.
A deafening chorus of shrieks assaults your mind!
A starcursed mass splits.
You scream at the foxfire!
A spatial vortex and 2 foxfires come into view.
As you read the scroll of holy word, it crumbles to dust.
You speak a Word of immense power!
The Executioner convulses!
You kill the Executioner!
That felt strangely unrewarding.
The cacodemon convulses!
The hell hound convulses!
You kill the hell hound!
That felt strangely unrewarding.
The green death convulses!
The small abomination convulses!
You destroy the small abomination!
That felt strangely unrewarding.
The orange demon convulses!
Your attack snaps the orange demon out of its fear.
The hell hound convulses!
You kill the hell hound!
That felt strangely unrewarding.
The large abomination convulses!
The iron imp convulses!
You kill the iron imp!
That felt strangely unrewarding.
The orange demon convulses!
Your attack snaps the orange demon out of its fear.
The quasit convulses!
You kill the quasit!
That felt strangely unrewarding.
The large abomination convulses! x2
The ynoxinul convulses!
You kill the ynoxinul!
That felt strangely unrewarding.
A deafening chorus of shrieks assaults your mind!
You die...
Your body crumbles into a pile of gold.

.....X #.. . #.........
..
.#...#.#.#.#.........##
.......................
. ........... .4..... .
.......... ........# .
........v....v4h.. .
... ...#...hv#.h..{h.
.. .....wX.##..#2##h..
... #.....X{#..@# .. ..
.......XX#v#*2# { .h.
.....#X##vv#...
#.....{XX†*{v§..2.
....#....#{{......
...X.X...........
#................X
#.....#.........X.
#.... .....G#.. .


You could see 6 starcursed masses, a cacodemon (dazed), a spatial maelstrom, a
green death (dazed), a wretched star, 3 spatial vortices, 2 orange demons, 3
large abominations, a will-o-the-wisp and 3 raiju.

Vanquished Creatures
  Kirke (D:14)
  An Executioner (Abyss:2)
  A deep elf sorcerer (Abyss:2)
  2 stone giants
  Josephine (D:14)
  4 vault guards
  2 hydras
  An ogre mage (Orc:2)
  2 boulder beetles
  A catoblepas (D:13)
  13 two-headed ogres
  4 centaur warriors
  A wretched star (Abyss:2)
  2 deep trolls (Orc:2)
  6 orc knights
  4 deep elf zephyrmancers (Orc:2)
  An ugly thing (D:13)
  3 deep elf pyromancers (Orc:2)
  4 orc sorcerers
  6 cyclopes
  4 manticores
  An elephant (D:9)
  3 centaur zombies
  A centaur skeleton (D:12)
  3 unseen horrors
  Psyche (D:12)
  2 kobold demonologists (Bailey)
  2 freezing wraiths (D:13)
  A hellwing (Abyss:2)
  A hydra zombie (D:14)
  11 trolls
  12 slime creatures
  A boulder beetle zombie (D:12)
  2 ynoxinuls (Abyss:2)
  Eustachio (D:4)
  2 shadows
  19 yaks
  A wyvern (D:11)
  A centaur simulacrum (D:14)
  6 wraiths
  A vampire (D:11)
  A basilisk (D:9)
  6 hogs (D:14)
  4 steam dragons
  4 vampire mosquitoes (D:8)
  A redback (shapeshifter) (D:13)
  2 two-headed ogre zombies
  5 wargs
  2 hell hounds (Abyss:2)
  2 tengu zombies (D:13)
  Duvessa (D:5)
  2 acid dragons
  A water moccasin (D:6)
  30 orc warriors
  A large abomination (Abyss:2)
  An elf zombie (D:12)
  3 necrophages
  2 black bears (D:9)
  An elf skeleton (D:12)
  22 ogres
  3 centaurs
  A phantom (D:6)
  2 kobold brigands
  Blork the orc (D:4)
  3 bullfrogs
  A gnoll sergeant (D:9)
  3 small abominations (Abyss:2)
  A cyclops skeleton (D:13)
  A water moccasin zombie (D:13)
  A cyclops zombie (D:13)
  A warg zombie (Orc:2)
  A water moccasin skeleton (D:13)
  Dowan (D:5)
  6 wights
  3 killer bees (D:8)
  A warg skeleton (Orc:2)
  2 troll skeletons
  6 electric eels
  A howler monkey (D:13)
  2 quasits (Abyss:2)
  2 bullfrog zombies
  A human zombie (D:3)
  8 orc priests
  5 hounds
  A jelly (D:7)
  A bullfrog skeleton (D:6)
  A gnoll shaman (D:9)
  An iron imp (Abyss:2)
  3 iguanas
  A scorpion zombie (D:12)
  20 orc wizards
  A statue (D:7)
  A kobold zombie (D:14)
  5 ogre zombies
  3 ogre skeletons
  A hound skeleton (D:3)
  12 adders
  19 gnolls
  2 howler monkey skeletons
  2 gnoll skeletons
  A shadow imp (D:6)
  A white imp (D:6)
  An ufetubus (D:5)
  An adder zombie (D:5)
  6 orc zombies
  An adder skeleton (D:4)
  6 orc skeletons
  3 worms
  3 dart slugs
  66 orcs
  4 ball pythons
  2 bat zombies (D:13)
  9 endoplasms
  6 giant cockroaches
  18 goblins
  8 hobgoblins
  4 jackals (D:4)
  15 kobolds
  4 quokkas
  3 ball python zombies
  4 bats
  4 frilled lizards
  2 hobgoblin skeletons
  2 kobold skeletons
  7 rats
  4 rat zombies
543 creatures vanquished.

Vanquished Creatures (others)
  An ogre mage (Orc:2)
  A deep elf pyromancer (Orc:2)
  A human (D:3)
  2 demonic plants (D:2)
  2 foxfires (Abyss:2)
  A fungus (D:6)
  A lurking horror (Abyss:2)
  2 plants (D:1)
  7 starspawn tentacles (Abyss:2)
18 creatures vanquished.

Grand Total: 561 creatures vanquished

Notes
Turn   | Place    | Note
-------+----------+-------------------------------------------
     0 | D:1      | DildoBatman the Formicid Conjurer began the quest for the
                  | Orb.
     0 | D:1      | Reached XP level 1. HP: 13/13 MP: 3/3
   246 | D:1      | Reached XP level 2. HP: 4/19 MP: 0/5
   321 | D:1      | Learned a level 2 spell: Searing Ray
   538 | D:1      | Reached XP level 3. HP: 17/24 MP: 2/6
  1130 | D:2      | Found a faded altar of an unknown god.
  1212 | D:2      | Reached XP level 4. HP: 27/30 MP: 0/7
  1292 | D:2      | Reached skill level 5 in Conjurations
  1733 | D:2      | Learned a level 3 spell: Vampiric Draining
  2023 | D:3      | Reached XP level 5. HP: 35/35 MP: 2/8
  2744 | D:3      | Found an ancient bone altar of Kikubaaqudgha.
  2744 | D:3      | Noticed a human
  2747 | D:3      | Became a worshipper of Kikubaaqudgha
  2748 | D:3      | Killed a human
  2792 | D:3      | Reached XP level 6. HP: 40/42 MP: 0/9
  2975 | D:4      | Reached skill level 1 in Fighting
  2975 | D:4      | Reached skill level 1 in Armour
  2981 | D:4      | Noticed a steam dragon
  3315 | D:4      | Noticed Blork the orc
  3695 | D:5      | Entered Level 5 of the Dungeon
  3927 | D:5      | Found a glowing silver altar of Zin.
  3927 | D:5      | Noticed an angel
  3984 | D:5      | Reached * piety under Kikubaaqudgha
  3984 | D:5      | Received a gift from Kikubaaqudgha
  3985 | D:5      | Reached XP level 7. HP: 46/50 MP: 2/12
  4613 | D:6      | Reached skill level 5 in Spellcasting
  4644 | D:6      | Found a hide-covered altar of Uskayaw.
  4714 | D:6      | Found a sparkling altar of Nemelex Xobeh.
  4714 | D:6      | Found a burning altar of Makhleb.
  4715 | D:6      | Found an iron altar of Okawaru.
  4728 | D:6      | Noticed a water moccasin
  4743 | D:6      | Reached XP level 8. HP: 56/56 MP: 11/17
  4883 | D:6      | Noticed Duvessa
  5090 | D:6      | Reached skill level 1 in Necromancy
  5127 | D:6      | Noticed Dowan
  5247 | D:4      | Killed Blork the orc
  5299 | D:4      | Noticed Eustachio
  5383 | D:4      | Killed Eustachio
  5821 | D:6      | Found a staircase to the Ecumenical Temple.
  5993 | D:6      | Reached XP level 9. HP: 59/65 MP: 17/19
  6290 | D:7      | Learned a level 3 spell: Frozen Ramparts
  6294 | D:7      | Learned a level 3 spell: Ozocubu's Armour
  6453 | D:7      | Reached skill level 1 in Ice Magic
  6573 | D:7      | Found a radiant altar of Vehumet.
  6870 | D:8      | Found a flagged portal.
  6984 | D:8      | Gained mutation: A frigid envelope surrounds you and
                  | freezes all who hurt you. [potion of mutation]
  6989 | D:8      | Reached skill level 5 in Fighting
  6990 | D:8      | Reached skill level 5 in Armour
  7017 | D:8      | Reached ** piety under Kikubaaqudgha
  7018 | D:8      | Noticed a two-headed ogre
  7021 | D:8      | Reached skill level 5 in Necromancy
  7027 | D:8      | Killed a two-headed ogre
  7028 | D:8      | Reached skill level 5 in Ice Magic
  7028 | D:8      | Reached XP level 10. HP: 8/74 MP: 1/20
  7246 | Bailey   | Entered a bailey
  7772 | Bailey   | Noticed an orc knight
  8035 | Bailey   | Noticed a kobold demonologist
  8040 | Bailey   | Noticed a sixfirhy
  8040 | Bailey   | Killed a kobold demonologist
  8045 | Bailey   | Killed an orc knight
  8059 | Bailey   | Noticed an orc knight
  8217 | Bailey   | Noticed a kobold demonologist
  8220 | Bailey   | Noticed a soul eater
  8232 | Bailey   | Killed a kobold demonologist
  8232 | Bailey   | Reached *** piety under Kikubaaqudgha
  8232 | Bailey   | Received a gift from Kikubaaqudgha
  8239 | Bailey   | Learned a level 5 spell: Borgnjor's Vile Clutch
  8363 | Bailey   | Killed an orc knight
  8364 | Bailey   | Reached XP level 11. HP: 8/79 MP: 21/21
  8757 | Bailey   | Found an iron altar of Okawaru.
  8779 | Bailey   | Got the Grimoire of Aerial Intoxication
  9044 | Bailey   | Noticed an orc knight
  9065 | Bailey   | Killed an orc knight
  9066 | Bailey   | Reached skill level 5 in Earth Magic
 10250 | D:7      | Noticed a manticore
 10274 | D:7      | Killed a manticore
 10435 | D:7      | Noticed a centaur warrior
 10435 | D:7      | Noticed a manticore
 10444 | D:7      | Killed a centaur warrior
 10645 | D:7      | Killed a manticore
 10773 | D:7      | Noticed a cyclops
 10779 | D:7      | Killed a cyclops
 10897 | D:6      | Reached **** piety under Kikubaaqudgha
 10964 | D:5      | Killed Dowan
 10974 | D:5      | Killed Duvessa
 11090 | D:8      | Acquired the amulet "Ruysamo" {Reflect Will- Regen+ Str+8
                  | Int+4 SH+5}
 11185 | D:9      | Found a staircase to the Lair.
 11340 | D:9      | Noticed a two-headed ogre
 11345 | D:9      | Killed a two-headed ogre
 11346 | D:9      | Found a snail-covered altar of Cheibriados.
 11453 | D:9      | Noticed an elephant
 11462 | D:9      | Killed an elephant
 11463 | D:9      | Reached skill level 10 in Earth Magic
 11463 | D:9      | Reached XP level 12. HP: 53/86 MP: 22/22
 11688 | D:9      | Reached skill level 10 in Necromancy
 12403 | D:10     | Entered Level 10 of the Dungeon
 12643 | D:10     | Identified the +5 war axe "Napsi" {vorpal, Str+3}
 12707 | D:10     | Noticed a two-headed ogre
 12718 | D:10     | Killed a two-headed ogre
 12747 | D:10     | Found a bloodstained altar of Trog.
 12921 | D:10     | Found a portal to a secret trove of treasure.
 13262 | D:10     | Reached skill level 1 in Shields
 13311 | D:11     | Found Nax Aple's Antique Armour Shoppe.
 13350 | D:11     | Reached skill level 2 in Shields
 13462 | D:11     | Noticed a two-headed ogre
 13469 | D:11     | Killed a two-headed ogre
 13470 | D:11     | Reached skill level 3 in Shields
 13500 | D:11     | Reached ***** piety under Kikubaaqudgha
 13819 | D:11     | Found a staircase to the Orcish Mines.
 13834 | D:11     | Noticed a five-headed hydra
 13842 | D:11     | Killed a five-headed hydra
 13860 | D:11     | Identified the +0 ring mail of the King of the Hill
                  | {Rampage Will- Str+4 Slay+2}
 13986 | Orc:1    | Entered Level 1 of the Orcish Mines
 14090 | Orc:1    | Reached XP level 13. HP: 88/91 MP: 6/23
 14098 | Orc:1    | Reached skill level 4 in Shields
 14317 | Orc:2    | Entered Level 2 of the Orcish Mines
 14343 | Orc:1    | Reached skill level 5 in Shields
 14424 | Orc:2    | Reached skill level 6 in Shields
 14545 | Orc:2    | Reached skill level 7 in Shields
 14559 | Orc:2    | Reached skill level 8 in Shields
 14632 | Orc:1    | Reached skill level 9 in Shields
 14726 | Orc:2    | Noticed an ogre mage
 14731 | Orc:2    | Noticed a stone giant
 14746 | Orc:2    | Reached skill level 10 in Shields
 14747 | Orc:2    | Killed an ogre mage
 14790 | Orc:2    | Killed a stone giant
 14827 | Orc:2    | Found Qexkath's Assorted Antiques.
 14828 | Orc:2    | Found Curadus's Distillery.
 14833 | Orc:2    | Noticed an ogre mage
 14851 | Orc:2    | Noticed a stone giant
 14868 | Orc:1    | Reached skill level 11 in Shields
 14921 | Orc:1    | Killed a stone giant
 14930 | Orc:2    | Killed an ogre mage
 14962 | Orc:2    | Found Fekleo's General Store.
 14969 | Orc:2    | Found Cyisuy's General Store.
 15000 | Orc:2    | Reached ****** piety under Kikubaaqudgha
 15001 | Orc:2    | Reached skill level 12 in Shields
 15004 | Orc:2    | Bought a scroll of immolation for 42 gold pieces
 15009 | Orc:2    | Bought a potion of brilliance for 56 gold pieces
 15010 | Orc:2    | Received a gift from Kikubaaqudgha
 15012 | Orc:2    | Fell from the grace of Kikubaaqudgha
 15190 | Temple   | Entered the Ecumenical Temple
 15239 | Temple   | Became a worshipper of Gozag Ym Sagoz the Greedy
 15498 | Orc:2    | Reached XP level 14. HP: 78/98 MP: 24/24
 15505 | Orc:2    | Reached skill level 13 in Shields
 15563 | Orc:2    | Found a staircase to the Elven Halls.
 15955 | Orc:2    | Reached skill level 14 in Shields
 16095 | Orc:2    | Bought a potion of heal wounds for 75 gold pieces
 16095 | Orc:2    | Bought a potion of magic for 120 gold pieces
 16095 | Orc:2    | Bought a potion of brilliance for 60 gold pieces
 16095 | Orc:2    | Bought a potion of mutation for 120 gold pieces
 16095 | Orc:2    | Bought 2 potions of magic for 240 gold pieces
 16095 | Orc:2    | Bought a potion of curing for 45 gold pieces
 16095 | Orc:2    | Bought a potion of invisibility for 120 gold pieces
 16100 | Orc:2    | Bought a potion of curing for 90 gold pieces
 16100 | Orc:2    | Bought a scroll of identify for 60 gold pieces
 16284 | Orc:1    | Found Waonil's Antique Armour Emporium.
 16696 | D:12     | Reached skill level 15 in Shields
 16709 | D:12     | Noticed Psyche
 16716 | D:12     | Killed Psyche
 17271 | D:13     | Found a basalt altar of Yredelemnul.
 18500 | D:14     | Noticed Josephine
 18524 | D:14     | Killed Josephine
 18570 | D:14     | Found a gate to the Vaults.
 18784 | D:14     | Reached XP level 15. HP: 108/108 MP: 12/25
 18956 | D:14     | Noticed Jorgrun
 18995 | D:14     | Noticed Kirke
 19024 | D:14     | Killed Kirke
 19025 | D:14     | Reached skill level 5 in Dodging
 19137 | D:14     | Was forgiven by Kikubaaqudgha
 19339 | D:15     | Entered Level 15 of the Dungeon
 19532 | D:15     | Cast into level 2 of the Abyss (a wizard)
 19534 | Abyss:2  | Found a corrupted altar of Lugonu.
 19607 | Abyss:2  | Found a corrupted altar of Lugonu.
 19905 | Abyss:2  | Noticed a bone dragon
 19911 | Abyss:2  | Noticed a deep elf sorcerer
 19916 | Abyss:2  | Killed a deep elf sorcerer
 19946 | Abyss:2  | Noticed a tentacled starspawn
 19990 | Abyss:2  | Noticed a cacodemon
 19993 | Abyss:2  | Noticed an Executioner
 19998 | Abyss:2  | HP: 1/54 [starcursed mass/accursed screaming (7)]
 20001 | Abyss:2  | Killed an Executioner
 20001 | Abyss:2  | Killed from afar by a starcursed mass

Illustrated notes

Levels and vault maps discovered:
D:1:      minmay_arrival_arboretum_small, layout_basic
D:2:      layout_loops_ring, dreamdust_ecumenical_altar_sealed_demon
D:3:      layout_loops_ring, tgw_kikubaaqudgha
D:4:      layout_basic, serial_rivers, chequers_serial_rivers_room_b,
          chequers_serial_rivers_small_b, chequers_serial_rivers_marsh,
          chequers_serial_rivers_micro_b, chequers_serial_rivers_micro_e,
          kennysheep_generic_room_11, uniq_blork_the_orc, uniq_eustachio
D:5:      layout_loops_ring, zin_angel
D:6:      layout_cave_pools, chequers_temple_overflow_statue_of_worship,
          mainiacjoe_overflow_cross_hatched, minmay_temple_entry_proselytizer,
          grunt_ministairs_5, uniq_duvessa
D:7:      minmay_klotski, layout_basic, vehumet_statue, minmay_misc_feat_cross,
          kennysheep_generic_room_9
D:8:      layout_basic, enter_bailey_2
D:9:      layout_layer_cave, overflow_temple_1_default, david_lair_generic
D:10:     layout_stronghold, trog_three_pillars_becter, enter_trove_2
D:11:     layout_gridville, orc_0_dummy, serial_shops, shop, grunt_ministairs_2
D:12:     layout_gridville, uniq_psyche
D:13:     layout_stronghold, yredelemnul_altar_generic
D:14:     layout_roguey, lightli_vaults_fourway_checkpoint,
          hangedman_abyss_or_decor_slice, uniq_jorgrun, uniq_kirke,
          uniq_josephine
D:15:     grunt_enter_depths_hoard, layout_stronghold,
          nicolae_gozag_cash_rules_everything_around_me
Temple:   cyrus_circular_temple
Orc:1:    layout_caves, serial_shops, shop
Orc:2:    st_orc_open, layout_caves, elves_outpost_lemuel
Abyss:2:  base: Lair:6, hangedman_cross_veins

Skill      XL: |  1  2  3  4  5  6  7  8  9 10 11 12 13 14 15 |
---------------+----------------------------------------------+-----
Conjurations   | 4 5 6 |  6.0
Fighting       | 2 3 5 7 |  7.7
Armour         | 2 3 5 7 |  7.7
Spellcasting   | 3 6 7 |  7.0
Necromancy     | 2 6 9 11 12 | 12.0
Ice Magic      | 5 6 7 8 |  8.0
Earth Magic    | 3 10 12 | 12.0
Shields        | 3 12 15 | 15.0
Dodging        | 4 5 |  5.1
Stealth        | |  2.4

Action                   |  1- 3 |  4- 6 |  7- 9 | 10-12 | 13-15 || total
-------------------------+-------+-------+-------+-------+-------++-------
Melee: Dagger            |    10 |       |       |       |       ||    10
       Short sword       |       |     6 |       |       |       ||     6
       Falchion          |       |    15 |     7 |       |       ||    22
       Punch             |       |     1 |       |     3 |       ||     4
       Morningstar       |       |       |     3 |   200 |   311 ||   514
       War axe           |       |       |       |    16 |       ||    16
       Halberd           |       |       |       |     4 |       ||     4
       Trident           |       |       |       |       |   218 ||   218
       Unarmed           |       |       |       |       |    12 ||    12
 Fire: Shortbow          |       |       |    12 |     8 |     9 ||    29
 Cast: Magic Dart        |    47 |    50 |    42 |    22 |    11 ||   172
       Searing Ray       |     6 |    29 |    44 |    12 |    14 ||   105
       Frozen Ramparts   |       |       |     3 |    33 |    30 ||    66
       Vampiric Draining |       |       |     3 |     4 |       ||     7
       Ozocubu's Armour  |       |       |       |    36 |    28 ||    64
       Borgnjor's Vile C |       |       |       |    42 |   132 ||   174
Invok: Receive Forbidden |       |       |       |       |     1 ||     1
       Renounce Religion |       |       |       |       |     1 ||     1
 Abil: Dig               |     1 |     1 |     3 |     6 |    11 ||    22
Evoke: Wand              |       |       |       |     1 |       ||     1
  Use: Scroll            |       |       |     9 |     4 |     9 ||    22
       Potion            |       |       |     9 |       |     4 ||    13
 Stab: Sleeping          |       |     2 |       |     3 |       ||     5
       Distracted        |       |       |       |       |     4 ||     4
Armor: Robe              |    10 |    11 |    15 |       |       ||    36
       Ring mail         |       |       |     9 |       |       ||     9
       Skin              |       |       |    24 |       |       ||    24
       Steam dragon scal |       |       |     4 |    82 |       ||    86
       Leather armour    |       |       |       |    71 |    11 ||    82
       Troll leather arm |       |       |       |       |   272 ||   272
Dodge: Dodged            |     7 |    25 |    69 |   212 |   271 ||   584
Block: Other             |       |       |       |    30 |       ||    30
       Buckler           |       |       |       |    32 |   163 ||   195
       Reflection        |       |       |       |       |    16 ||    16
       Tower shield      |       |       |       |       |   639 ||   639
